 Dungeon Crawl Stone Soup version 0.25.1-2-g60ff931df9 (webtiles) character file.

Game seed: 16298766703587433708

420 Almogavar the Ruffian (level 6, 0/52 HPs)
             Began as a Ghoul Monk on Sept 4, 2020.
             Slain by an ogre
             ... wielding a cursed -3 giant spiked club
              (12 damage)
             ... on level 4 of the Dungeon.
             The game lasted 00:13:44 (3698 turns).

Almogavar the Ruffian (Ghoul Monk)                  Turns: 3698, Time: 00:13:44

Health: 0/52       AC:  8    Str: 16    XL:     6   Next: 94%
Magic:  5/5        EV: 11    Int:  5    God:
Gold:   146        SH:  0    Dex: 12    Spells: 5/5 levels left

rFire    . . .     SeeInvis +     - Unarmed
rCold    + . .     Gourm    .   (no shield)
rNeg     + + +     Faith    .   l - +0 scale mail
rPois    ∞         Spirit   .   (no helmet)
rElec    .         Reflect  .   (no cloak)
rCorr    .         Harm     .   e - +0 pair of gloves
MR       .....                  j - +0 pair of boots
Stlth    +.........             (no amulet)
HPRegen  0.00/turn              f - ring of see invisible
MPRegen  0.09/turn              (no ring)

@: rotting
A: rotting body, claws 1, carnivore, cold resistance 1, negative energy
resistance 3, inhibited regeneration, torment resistance, unbreathing
a: no special abilities


You were on level 4 of the Dungeon.
You were not hungry.

You visited 1 branch of the dungeon, and saw 4 of its levels.

You collected 146 gold pieces.

Inventory:

Missiles
 o - 6 silver javelins (quivered)
Armour
 e - a +0 pair of gloves (worn)
 h - a +0 chain mail
 j - a +0 pair of boots (worn)
 l - a +0 scale mail (worn)
Jewellery
 f - a ring of see invisible (left hand)
Scrolls
 k - a scroll of remove curse
Potions
 a - a potion of degeneration {unknown}
 c - 3 potions of stabbing
 d - a potion of brilliance {unknown}
 g - a potion of haste
 m - a potion of ambrosia {unknown}
 n - a potion of heal wounds
Comestibles
 b - 6 rations
 i - 3 chunks of flesh


   Skills:
 + Level 4.3 Fighting
 + Level 2.2 Armour
 + Level 3.7 Dodging
 + Level 2.8 Stealth
 + Level 6.1 Unarmed Combat


You had 5 spell levels left.
You didn't know any spells.
Your spell library was empty.

Dungeon Overview and Level Annotations

Branches:
Dungeon (4/15)
 Temple: D:4-7

Altars:


Innate Abilities, Weirdness & Mutations

Your body is rotting away.
You thrive on raw meat.
You are immune to poison.
You have sharp fingernails.
You are carnivorous and can eat meat at any time.
Your flesh is cold resistant. (rC+)
You are immune to negative energy. (rN+++)
You do not regenerate when monsters are visible.
You are immune to unholy pain and torment.
You can survive without breathing.


Message History

You are too injured to fight recklessly!
You are too injured to fight recklessly!
You hit the ogre but do no damage. You punch the ogre.
The ogre is heavily wounded.
The ogre hits you with a cursed -3 giant spiked club!
* * * LOW HITPOINT WARNING * * *
You hit the ogre.
The ogre is severely wounded.
You punch the ogre!
The ogre is almost dead.
The ogre barely misses you.
You barely miss the ogre.
The ogre is almost dead.
The ogre closely misses you.
You hit the ogre.
The ogre is almost dead.
You hit the ogre.
The ogre is almost dead.
The ogre hits you with a cursed -3 giant spiked club!
You die...

.......#.##?.
.......... .##
###.......###
....###....#......#
........#.##)..#
#....÷.....#
#.###<##..## ..
#.##..##.#..#
..<......#..@......#
....#.###....O†.....#
.. #.#.........# .
#..#........##
...##........# #..
..#.$###... .........
... #.[..... ..


You could see an ogre.

Vanquished Creatures
  An ogre (D:4)
  A howler monkey (D:4)
  An orc priest (D:3)
  3 worker ants
  A hound skeleton (D:4)
  4 gnolls
  7 adders
  A worm (D:3)
  4 dart slugs
  4 leopard geckos (D:2)
  4 orcs (D:3)
  9 giant cockroaches
  5 goblins
  9 hobgoblins
  8 kobolds
  2 quokkas
  6 bats
  5 frilled lizards
  5 rats
80 creatures vanquished.

Notes
Turn   | Place    | Note
-------+----------+-------------------------------------------
     0 | D:1      | Almogavar the Ghoul Monk began the quest for the Orb.
     0 | D:1      | Reached XP level 1. HP: 19/19 MP: 0/0
   312 | D:1      | Reached XP level 2. HP: 26/26 MP: 1/1
   991 | D:2      | Reached XP level 3. HP: 31/31 MP: 2/2
  1492 | D:2      | Reached skill level 4 in Unarmed Combat
  1537 | D:2      | Reached XP level 4. HP: 14/40 MP: 3/3
  2630 | D:3      | Reached XP level 5. HP: 40/46 MP: 4/4
  2754 | D:3      | Reached skill level 5 in Unarmed Combat
  3073 | D:3      | Reached skill level 1 in Armour
  3436 | D:4      | Reached XP level 6. HP: 48/52 MP: 5/5
  3675 | D:4      | Reached skill level 6 in Unarmed Combat
  3698 | D:4      | Slain by an ogre

Illustrated notes

Levels and vault maps discovered:
D:1:      wheals_arrival_shading, layout_loops_cross, chequers_jeans
D:2:      layout_rooms, kennysheep_generic_room_5
D:3:      layout_basic, first_ration
D:4:      layout_rooms

Skill      XL: |  1  2  3  4  5  6 |
---------------+-------------------+-----
Dodging        | 3 |  3.7
Unarmed Combat | 4 5 6 |  6.1
Armour         | 1 2 |  2.2
Fighting       | 4 |  4.3
Stealth        | |  2.8

Action                   |  1- 3 |  4- 6 || total
-------------------------+-------+-------++-------
Melee: Unarmed           |   117 |   245 ||   362
       Punch             |     1 |     3 ||     4
  Use: Scroll            |       |     3 ||     3
       Potion            |       |     2 ||     2
 Stab: Sleeping          |     2 |       ||     2
  Eat: Chunk             |     3 |     9 ||    12
Armor: Robe              |    29 |       ||    29
       Scale mail        |       |    89 ||    89
Dodge: Dodged            |    85 |   106 ||   191
